 Dungeon Crawl Stone Soup version 0.28-a0-843-gb979743d38 (webtiles) character file.

Game seed: 2531146915343131382

722893 Essalna the Sorcerer (level 27, -6/263 (306) HPs)
             Began as a Demonspawn Fire Elementalist on Nov 11, 2021.
             Was the Champion of Vehumet.
             Mangled by a Tzitzimitl (8 damage)
             ... called by a doom hound
             ... on level 7 of Tartarus on Nov 12, 2021.
             The game lasted 05:24:18 (63449 turns).

Essalna the Sorcerer (DsFE)                        Turns: 63449, Time: 05:24:18

HP:   -6/263 (306)  AC: 13    Str: 15    XL:     27
MP:   0/50          EV: 17    Int: 36    God:    Vehumet [******]
Gold: 10044         SH: 32    Dex: 19    Spells: 3/73 levels left

rFire   + + +      SeeInvis .   q - staff of fire
rCold   + + +      Faith    .   M - +18 shield of the Gong {rElec rN+ Will+ EV-5}
rNeg    + . .      Spirit   +   u - +0 troll leather armour
rPois   +          Reflect  .   B - +2 helmet of Insecurity {Contam rPois rC+}
rElec   +          Harm     .   a - +1 cloak {rF+}
rCorr   .          Rampage  .   P - +2 pair of gloves "Xoun Joa" {Drain rC+++ Regen+ Int+4}
Will    +....                   (boots unavailable)
Stlth   +++.......              y - amulet of Starshine {Fly Regen+ Str+2}
HPRegen 3.53/turn               E - ring of Compulsion {Fire Int+2 Dex+4 Slay-3 Stlth+}
MPRegen 0.64/turn               X - ring "Vonet" {rElec rF++ Str+2 Int+6}

@: on vortex cooldown, doom-hounded, flying, slowed, studying 2 skills, heavily
drained, weak-willed, very slow
A: hooves 3, robust 3, spiny 3, magic shield, magic regeneration, magic link,
sturdy frame 3, dopey 1, no potion heal 1
}: 4/15 runes: barnacled, slimy, silver, icy
a: Renounce Religion


You were on level 7 of Tartarus.
You worshipped Vehumet.
Vehumet was exalted by your worship.
You visited 16 branches of the dungeon, and saw 74 of its levels.
You also visited: Volcano and Desolation.

You collected 12487 gold pieces.
You spent 2443 gold pieces at shops.

Inventory:

Hand Weapons
 o - the +6 Majin-Bo {vamp, MP+6 Int+6}
   (You found it on level 2 of the Depths)

   It occasionally heals its wielder for a portion of the damage dealt when they
   wound a living foe with it or with a spell.
   Its wielder's spells cost health as well as magical power.
   Int:       It affects your intelligence (+6).
   MP:        It affects your magic capacity (+6).
 W - the +7 sceptre of Asmodeus
   (You took it off Asmodeus on level 7 of Gehenna)

   It can be evoked to summon fiery demons, with success rate depending on
   Evocations skill.
   Those summoned this way will remain friendly only for a limited time.
Armour
 a - a +1 cloak of fire resistance (worn)
 d - a scarf of resistance
 u - a +0 troll leather armour (worn)
 B - the +2 helmet of Insecurity (worn) {Contam rPois rC+}
   (You found it on level 3 of the Elven Halls)

   rC:        It protects you from cold.
   rPois:     It protects you from poison.
   Contam:    It causes magical contamination when unequipped.
 M - the +18 shield of the Gong (worn) {rElec rN+ Will+ EV-5}
   (You took it off a necromancer on level 3 of the Crypt)

   It is deafeningly noisy when blocking attacks.
   EV:        It affects your evasion (-5).
   rElec:     It insulates you from electricity.
   rN:        It protects you from negative energy.
   Will:      It increases your willpower.
 P - the +2 pair of gloves "Xoun Joa" (worn) {Drain rC+++ Regen+ Int+4}
   (You acquired it on level 1 of the Lair of Beasts)

   Int:       It affects your intelligence (+4).
   rC:        It renders you almost immune to cold.
   Regen:     It increases your rate of health regeneration.
   Drain:     It drains your maximum health when unequipped.
Magical Staves
 b - a staff of cold
 q - a staff of fire (weapon)
Jewellery
 e - the ring of Shadows {Umbra +Inv Stlth+}
   (You found it on level 2 of the Elven Halls)

   [ring of stealth]

   It surrounds you with an aura of shadow, increasing your stealth and reducing
   the accuracy of all within it (including the wearer).
   +Inv:      It lets you turn invisible.
   Stlth:     It makes you more stealthy.
 i - the ring "Rewnamud" {rCorr Str+4 SInv}
   (You found it in the Desolation of Salt)

   [ring of resist corrosion]

   Str:       It affects your strength (+4).
   SInv:      It lets you see invisible.
   rCorr:     It protects you from acid and corrosion.
 j - a ring of magical power
 s - the ring of Sapeob {Fly rElec rF- Will+ Dex+4}
   (You found it in the Desolation of Salt)

   [ring of flight]

   Dex:       It affects your dexterity (+4).
   rF:        It makes you vulnerable to fire.
   rElec:     It insulates you from electricity.
   Fly:       It grants you flight.
   Will:      It increases your willpower.
 v - the ring "Zeastefe" {rPois Int+6 Dex+2}
   (You took it off a deep elf blademaster on level 3 of the Elven Halls)

   [ring of intelligence]

   Int:       It affects your intelligence (+6).
   Dex:       It affects your dexterity (+2).
   rPois:     It protects you from poison.
 y - the amulet of Starshine (around neck) {Fly Regen+ Str+2}
   (You found it on level 3 of the Elven Halls)

   [amulet of regeneration]

   Str:       It affects your strength (+2).
   Fly:       It grants you flight.
   Regen:     It increases your rate of health regeneration.
 E - the ring of Compulsion (left hand) {Fire Int+2 Dex+4 Slay-3 Stlth+}
   (You found it on level 3 of the Elven Halls)

   [ring of fire]

   It enhances your fire magic.
   Int:       It affects your intelligence (+2).
   Dex:       It affects your dexterity (+4).
   Slay:      It affects your accuracy & damage with ranged weapons and melee
   (-3).
   rF:        It protects you from fire.
   rC:        It makes you vulnerable to cold.
   Stlth:     It makes you more stealthy.
 I - the ring of the Everdark {rPois Will+}
   (You acquired it on level 5 of the Lair of Beasts)

   [ring of willpower]

   rPois:     It protects you from poison.
   Will:      It increases your willpower.
 K - a ring of wizardry
 Q - a ring of protection from fire
 T - the ring of Maji {rPois rC++ Dex+6 Stlth-}
   (You took it off a deep elf blademaster on level 3 of the Elven Halls)

   [ring of dexterity]

   Dex:       It affects your dexterity (+6).
   rC:        It greatly protects you from cold.
   rPois:     It protects you from poison.
   Stlth:     It makes you less stealthy.
 X - the ring "Vonet" (right hand) {rElec rF++ Str+2 Int+6}
   (You bought it in a shop on level 12 of the Dungeon)

   [ring of intelligence]

   Str:       It affects your strength (+2).
   Int:       It affects your intelligence (+6).
   rF:        It greatly protects you from fire.
   rElec:     It insulates you from electricity.
Wands
 J - a wand of flame (10)
 L - a wand of paralysis (53)
 U - a wand of charming (17)
 Z - a wand of acid (33)
Scrolls
 c - 23 scrolls of identify
 g - 12 scrolls of enchant armour
 h - 5 scrolls of magic mapping
 r - 3 scrolls of immolation
 t - 8 scrolls of enchant weapon
 x - 4 scrolls of torment
 C - 6 scrolls of fog
 F - 4 scrolls of silence
 H - 6 scrolls of brand weapon
 N - 5 scrolls of blinking
 R - 6 scrolls of teleportation
 S - 6 scrolls of fear
 V - 4 scrolls of amnesia
Potions
 f - 3 potions of resistance
 k - 6 potions of magic
 l - 18 potions of curing
 m - 8 potions of brilliance
 n - 11 potions of berserk rage
 p - 9 potions of lignification
 w - 5 potions of invisibility
 z - 13 potions of might
 D - 7 potions of cancellation
 G - 9 potions of heal wounds
 O - 2 potions of ambrosia


   Skills:
 + Level 23.5 Fighting
 - Level 5.3 Armour
 - Level 14.0 Dodging
 - Level 1.7 Stealth
 - Level 15.0 Shields
 + Level 23.5 Spellcasting
 - Level 18.5 Conjurations
 + Level 13.1 Necromancy
 + Level 10.2 Transmutations
 + Level 21.0 Fire Magic
 - Level 20.2 Ice Magic
 - Level 4.0 Earth Magic


You had 3 spell levels left.
You knew the following spells:

 Your Spells              Type           Power      Damage    Failure   Level
a - Necromutation         Tmut/Necr      45%        N/A       30%         8
b - Scorch                Fire           100%       2d10      0%          2
c - Flame Wave            Conj/Fire      100%       3d16      0%          4
d - Ozocubu's Refrigerat  Ice            56%        4d16      1%          7
e - Sublimation of Blood  Necr           95%        N/A       0%          2
f - Lehudib's Crystal Sp  Conj/Erth      44%        10d11     11%         8
g - Fireball              Conj/Fire      80%        3d30      0%          5
h - Iron Shot             Conj/Erth      44%        9d9       1%          6
i - Passwall              Tmut/Erth      63%        N/A       1%          2
j - Ignition              Fire           82%        3d21      1%          8
k - Polar Vortex          Ice            56%        N/A       4%          9
l - Fire Storm            Conj/Fire      80%        8d20      5%          9

Your spell library contained the following spells:

 Spells                   Type           Power      Damage    Failure   Level
 Animate Skeleton         Necr           100%       N/A       0%          1
 Beastly Appendage        Tmut           100%       N/A       0%          1
 Foxfire                  Conj/Fire      100%       2x1d9     0%          1
 Magic Dart               Conj           100%       1d8       0%          1
 Pain                     Necr           100%       1d9       0%          1
 Searing Ray              Conj           100%       2d8       0%          2
 Static Discharge         Conj/Air       83%        N/A       0%          2
 Wereblood                Tmut           86%        N/A       0%          2
 Conjure Flame            Conj/Fire      100%       6-21      0%          3
 Inner Flame              Hex/Fire       100%       N/A       0%          3
 Ozocubu's Armour         Ice            100%       N/A       0%          3
 Stone Arrow              Conj/Erth      100%       3d13      0%          3
 Vampiric Draining        Necr           95%        2d12      0%          3
 Apportation              Tloc           84%        N/A       1%          1
 Slow                     Hex            100%       N/A       1%          1
 Sting                    Tmut/Pois      100%       1d8       1%          1
 Summon Small Mammal      Summ           100%       N/A       1%          1
 Blink                    Tloc           84%        N/A       1%          2
 Call Imp                 Summ           42%        N/A       1%          2
 Corpse Rot               Necr/Air       100%       N/A       1%          2
 Poisonous Vapours        Pois/Air       84%        N/A       1%          2
 Call Canine Familiar     Summ           42%        N/A       1%          3
 Confusing Touch          Hex            42%        N/A       1%          3
 Gell's Gravitas          Tloc           42%        N/A       1%          3
 Ignite Poison            Fire/Tmut/Pois 100%       N/A       1%          3
 Lesser Beckoning         Tloc           42%        N/A       1%          3
 Mephitic Cloud           Conj/Pois/Air  72%        N/A       1%          3
 Portal Projectile        Hex/Tloc       84%        N/A       1%          3
 Spider Form              Tmut/Pois      68%        N/A       1%          3
 Summon Guardian Golem    Hex/Summ       42%        N/A       1%          3
 Swiftness                Air            42%        N/A       1%          3
 Teleport Other           Tloc           42%        N/A       1%          3
 Sticky Flame             Conj/Fire      100%       2d11      0%          4
 Animate Dead             Necr           47%        N/A       1%          4
 Dispel Undead            Necr           95%        3d30      1%          4
 Fulminant Prism          Conj/Hex       41%        3d20      1%          4
 Iskenderun's Mystic Bla  Conj/Tloc      83%        2d16      1%          4
 Olgreb's Toxic Radiance  Pois           42%        N/A       1%          4
 Petrify                  Tmut/Erth      76%        N/A       1%          4
 Agony                    Necr           95%        N/A       1%          5
 Alistair's Intoxication  Tmut/Pois      45%        N/A       1%          5
 Blade Hands              Tmut           43%        N/A       1%          5
 Borgnjor's Vile Clutch   Necr/Erth      40%        N/A       1%          5
 Excruciating Wounds      Necr           47%        N/A       1%          5
 Freezing Cloud           Conj/Ice/Air   47%        6-21      1%          5
 Irradiate                Conj/Tmut      49%        3d30      1%          5
 Lee's Rapid Deconstruct  Erth           31%        3d17*     1%          5
 Yara's Violent Unravell  Hex/Tmut       34%        3d14      1%          5
 Conjure Ball Lightning   Conj/Air       41%        3x3d13    1%          6
 Death Channel            Necr           47%        N/A       1%          6
 Starburst                Conj/Fire      80%        6d20      1%          6
 Animate Armour           Summ/Erth      100%       N/A       2%          4
 Leda's Liquefaction      Hex/Erth       27%        N/A       2%          4
 Eringya's Noxious Bog    Tmut/Pois      34%        N/A       3%          6
 Spellforged Servitor     Conj/Summ      41%        N/A       3%          7
 Statue Form              Tmut/Erth      50%        N/A       4%          6
 Cause Fear               Hex            21%        N/A       6%          4
 Dragon Form              Tmut           43%        N/A       8%          7
 Manifold Assault         Tloc           42%        N/A       16%         5
 Silence                  Hex/Air        21%        N/A       16%         5
 Summon Forest            Summ/Tloc      21%        N/A       16%         5
 Summon Mana Viper        Hex/Summ       42%        N/A       16%         5
 Borgnjor's Revivificati  Necr           47%        N/A       17%         8
 Infestation              Necr           47%        N/A       17%         8
 Haunt                    Necr/Summ      37%        N/A       32%         7
 Dispersal                Tloc           21%        N/A       65%         6
 Summon Cactus Giant      Summ           21%        N/A       65%         6
 Death's Door             Necr           47%        N/A       95%         9
 Malign Gateway           Summ/Tloc      21%        N/A       99%         7
 Summon Hydra             Summ           21%        N/A       99%         7
 Discord                  Hex            21%        N/A       100%        8
 Summon Horrible Things   Summ           21%        N/A       100%        8
 Dragon's Call            Summ           21%        N/A       100%        9


Dungeon Overview and Level Annotations

Branches:
Dungeon (15/15)            Temple (1/1) D:4            Lair (6/6) D:9
 Shoals (4/4) Lair:2        Snake (3/4) Lair:2        Slime (5/5) Lair:6
    Orc (2/2) D:11            Elf (3/3) Orc:2        Vaults (5/5) D:14
  Crypt (3/3) Vaults:3       Tomb (0/3) Crypt:3      Depths (4/4) D:15
   Hell (visited)             Dis (1/7) Hell            Geh (7/7) Hell
    Coc (7/7) Hell            Tar (7/7) Hell            Zot (0/5) Depths:4
Volcano (visited)         Desolation (visited)

Altars:
Ashenzari
Cheibriados
Elyvilon
Fedhas
Gozag
Hepliaklqana
Kikubaaqudgha
Makhleb
Nemelex Xobeh
Okawaru
Qazlal
Ru
Sif Muna
Trog
Vehumet
Wu Jian
Xom
Yredelemnul
Zin
The Shining One
Beogh
Jiyva

Shops:
D:11 (   D:12 =   D:14 *   D:15 !   Orc:1 (   Orc:2 (=*?   Elf:3 (**
Shoals:1 :   Snake:3 [

Portals:
Hell: Depths:1 Depths:2 Depths:3 Depths:4
Abyss: Depths:1 Depths:3
Pandemonium: Depths:2 Depths:3 Depths:4
Ziggurat: Depths:4
Trove: Depths:1 (give 13 potions of heal wounds)

Annotations:
D:9 2 transporters
D:11 2 runed translucent doors, exclusion: orange crystal statue
Snake:2 Vashnia
Vaults:4 3 runed translucent doors, Mafumol's ghost, adept GrEE; Tetudagra's ghost, adept DgGl
Tar:5 7 runed doors


Innate Abilities, Weirdness & Mutations

You have hooves in place of feet.
You are extremely robust. (+30% HP)
You are completely covered in sharp spines.
When hurt, damage is shared between your health and your magic reserves.
You regenerate magic rapidly.
When low on magic, you restore magic in place of health.
Your movements are significantly less encumbered by armour. (ER -6)
You are dopey. (Int -2)
Potions are less effective at restoring your health.


Message History

You kill the tormentor!
Vehumet accepts your kill.
You feel your power returning.
You kill the doom hound!
Vehumet accepts your kill.
You feel your power returning.
The Tzitzimitl calls on the powers of darkness!
Your body is wracked with pain!
* * * LOW HITPOINT WARNING * * *
You hear some strange, mumbled words.
A crystal spear appears from out of thin air!
The crystal spear misses you.
Your Fire Magic skill increases to level 21!
Casting: Polar Vortex (dangerous; 4% risk of failure)
Confirm with . or Enter, or press ? or * to list all spells.
Casting: Flame Wave (safe; 0% risk of failure)
Press: ? - help, Dir - look around, f - activate You feel a strong surge of power!
A wave of flame ripples out!
The flame wave engulfs something!!
The flame wave engulfs something but does no damage. (Press . to intensify the flame waves.) Vehumet accepts your kill.
You feel your power returning.
Reactivating autopickup.
You feel a bit more experienced. Vehumet accepts your kill.
You feel your power returning.
You feel a bit more experienced.
A Tzitzimitl comes into view.
You hear a shout!
You hear a bark!
The Tzitzimitl gestures at you. The bolt of negative energy hits you!
You partially resist.
You feel drained.
* * * LOW HITPOINT WARNING * * *
The winds around you start to calm down.
You hear a bark!
The Tzitzimitl gestures at you. The bolt of negative energy hits you!!
You partially resist.
You feel drained.
* * * LOW HITPOINT WARNING * * *
The Tzitzimitl gestures at you. The bolt of negative energy misses you.
The Tzitzimitl engulfs you!
You die...

.................###
...................###
.............##......#
...........######....#
.........### ###..#
..∩....### #v.#
.....### #..#
###################§§#
..'...#§§§§@1§2§#
°.'..§§§§§§§1§§§#
.#..§§§§§§§§#§§# °
##.§#§§§§§§#.§# #[
#####§§#..# # #§§#..#
#..#..# #..#..# #..#


You could see 2 Tzitzimimeh and a tormentor.

Vanquished Creatures
  the Royal Jelly (Slime:5)
  Antaeus (Coc:7)
  Asmodeus (Geh:7)
  4 dread liches
  Khufu (Crypt:3)
  2 ancient liches
  3 juggernauts (Depths:2)
  Margery (Crypt:3)
  Bai Suzhen (Shoals:3)
  Saint Roka (Snake:2)
  5 caustic shrikes (Dis:1)
  35 shard shrikes
  3 golden dragons
  Geryon (Hell)
  The ghost of Xoga the Necromancer, an adept DDNe of Cheibriados (Crypt:2)
  4 profane servitors
  8 doom hounds
  6 Brimstone Fiends
  14 bone dragons
  9 Tzitzimimeh
  An iron giant (Dis:1)
  A shard shrike zombie (Crypt:3)
  Jorgrun (Orc:2)
  12 hellephants
  4 tentacled monstrosities
  5 tainted leviathans
  11 Ice Fiends
  A walking earthen tome (Depths:2)
  11 liches
  5 deep elf blademasters
  12 searing wretches
  A titan (shapeshifter) (Depths:2)
  Asterion (Elf:3)
  21 titans
  A deep elf master archer (Elf:3)
  Murray (Hell)
  A kraken (Shoals:4)
  20 acid blobs
  3 tengu reavers
  6 sphinxes
  5 ancient champions
  A thorn hunter (Depths:3)
  Ilsuiw (Shoals:2)
  6 revenants
  23 azure jellies
  2 iron dragons (Hell)
  4 storm dragons
  7 shadow dragons
  10 deep elf sorcerers
  28 vault wardens
  17 narguns
  11 rockslimes
  19 fire giants
  2 orc warlords (Vaults:2)
  3 spectral juggernauts
  Louise (Shoals:3)
  17 balrugs
  8 ghouls
  A spectral caustic shrike (Tar:1)
  19 frost giants
  4 shard shrike simulacra
  A curse skull (Crypt:2)
  2 imperial myrmidons (Desolation)
  2 draconian stormcallers (Depths:4)
  6 deep elf elementalists (Elf:3)
  A juggernaut zombie (Hell)
  17 stone giants
  8 reapers
  16 very ugly things
  3 caustic shrike zombies (Crypt:3)
  3 spriggan defenders (Depths:2)
  3 war gargoyles
  17 ironbound preservers
  A quicksilver ooze (shapeshifter) (Vaults:5)
  3 caustic shrike skeletons (Crypt:3)
  The ghost of Soborki the Severer, a journeyman MiBe of Trog (Lair:4)
  A green draconian (Depths:4)
  12 quicksilver oozes
  5 vampire knights
  27 elemental wellsprings
  2 halazid warlocks (Desolation)
  6 deep elf annihilators
  2 entropy weavers (Vaults:3)
  11 putrid mouths
  11 dire elephants
  6 deep elf demonologists
  Azrael (Snake:3)
  2 white draconians (Depths:4)
  32 wendigos
  A lorocyproca (Hell)
  An eleionoma (shapeshifter) (Vaults:5)
  12 spark wasps
  2 yellow draconians (Depths:4)
  9 deep elf death magi
  14 ettins
  A purple draconian (Depths:4)
  8 iron golems
  2 spectral quicksilver dragons
  Snorg (Lair:6)
  8 merfolk impalers
  3 blizzard demons (Hell)
  12 yaktaur captains
  11 fire dragons
  9 merfolk javelineers
  16 eidola
  8 ragged hierophants (Desolation)
  4 jiangshi
  4 crystal guardians
  3 quicksilver dragon zombies
  2 mummy priests
  32 vault guards
  4 deep elf high priests
  3 rakshasas
  6 servants of whispers
  5 hydras
  9 ice dragons
  A quicksilver dragon skeleton (Crypt:3)
  8 peacekeepers
  15 great orbs of eyes
  14 centaur warriors
  A catoblepas (Lair:4)
  A fenstrider witch zombie (Crypt:3)
  A great orb of eyes (shapeshifter) (Depths:2)
  9 ironbound frosthearts
  7 naga warriors
  13 salamander tyrants
  10 ironbound thunderhulks
  10 spriggan air magi
  12 boulder beetles
  11 caustic shrike simulacra
  8 juggernaut simulacra
  6 merfolk avatars
  4 ogre magi
  5 deep troll shamans
  A satyr (Shoals:3)
  24 dancing weapons
  4 death knights
  A spectral stone giant (Tar:2)
  6 stokers
  12 two-headed ogres
  A fenstrider witch skeleton (Crypt:1)
  3 anacondas
  7 death yaks
  3 merfolk aquamancers (Shoals:4)
  4 spectral spriggans
  31 hell hogs
  6 deep troll earth magi
  2 spectral nagas
  5 tengu warriors
  18 spriggan berserkers
  5 vampire magi
  The ghost of Zero the Covert, a journeyman SpEn of Gozag (Lair:1)
  2 spectral dire elephants (Tar:1)
  8 orc high priests
  12 soul eaters
  2 shock serpents (Snake:2)
  6 naga sharpshooters
  A storm dragon zombie (Crypt:3)
  19 hell knights
  5 iron trolls
  3 spriggans
  A titan skeleton (Crypt:1)
  18 deep elf knights
  A sun demon (Hell)
  7 shadow wraiths
  2 anaconda zombies
  2 spectral anacondas
  2 bog bodies
  2 golden dragon zombies (Hell)
  7 sea snakes
  A spark wasp zombie (Hell)
  3 glowing orange brains
  A kraken simulacrum (Coc:7)
  A naga ritualist (Snake:1)
  17 deep elf archers
  6 quicksilver dragon simulacra
  3 flayed ghosts
  10 lindwurms
  19 wizards
  53 deep trolls
  22 ironbound convokers
  A shadow dragon zombie (Crypt:3)
  36 harpies
  31 deep elf pyromancers
  8 orc knights
  20 phantasmal warriors
  19 necromancers
  2 anaconda skeletons
  A golden dragon skeleton (Crypt:2)
  41 deep elf zephyrmancers
  3 oklob plants (Depths:3)
  2 stone giant zombies (Hell)
  A fire giant zombie (Hell)
  7 mana vipers
  5 orc sorcerers
  11 shining eyes
  A frost giant zombie (Hell)
  2 iron dragon zombies (Hell)
  9 cyclopes
  13 fauns
  A spectral centaur (Tar:2)
  17 manticores
  31 ugly things
  4 spriggan zombies
  24 elephants
  4 salamanders
  A spectral ettin (Tar:3)
  Maurice (D:8)
  5 toenail golems (Volcano)
  An elephant (shapeshifter) (D:15)
  16 merfolk sirens
  5 water nymphs
  A frost giant skeleton (Crypt:2)
  5 guardian serpents
  A stone giant skeleton (Crypt:1)
  4 naga magi
  11 molten gargoyles
  A dire elephant zombie (Crypt:2)
  16 vault sentinels
  An alligator snapping turtle zombie (Crypt:3)
  12 black mambas
  2 naga zombies
  10 ice statues
  8 eyes of devastation
  7 smoke demons (Hell)
  2 gargoyles (D:10)
  6 titan simulacra
  3 naga skeletons
  7 rust devils (Hell)
  14 cane toads
  2 demonic crawlers (D:13)
  2 rime drakes
  An unseen horror (D:13)
  A cane toad (shapeshifter) (D:14)
  A kobold demonologist (D:11)
  2 torpor snails
  19 hellions
  13 freezing wraiths
  9 komodo dragons
  35 yaktaurs
  6 anaconda simulacra
  3 efreet
  12 tormentors
  2 komodo dragons (shapeshifter)
  13 hellwings (Crypt:3)
  2 iron giant simulacra
  2 ice devils (Hell)
  A meliai (D:14)
  9 trolls
  6 harpy zombies (Crypt:3)
  2 guardian mummies (Crypt:3)
  A queen bee (shapeshifter) (D:14)
  A silent spectre (Tar:6)
  5 polar bears
  A hydra zombie (Hell)
  57 saltlings
  31 merfolk
  A sea snake skeleton (Hell)
  5 iron dragon simulacra
  A wolf spider simulacrum (D:14)
  4 harpy skeletons
  A snapping turtle (shapeshifter) (Vaults:5)
  8 hornets
  3 wind drakes
  A fire dragon zombie (Crypt:3)
  Grinder (D:5)
  8 snapping turtles
  22 blink frogs
  2 hydra skeletons
  154 slime creatures
  5 dream sheep
  A black mamba zombie (Hell)
  A redback (Vaults:3)
  A stone giant simulacrum (Coc:3)
  3 air elementals (Elf:2)
  3 flying skulls (Crypt:1)
  3 shadows
  A centaur simulacrum (Coc:2)
  An alligator skeleton (Hell)
  A tarantella (shapeshifter) (Depths:4)
  A human (shapeshifter) (D:15)
  22 water elementals
  3 golden eyes (Slime:3)
  12 spriggan simulacra
  36 yaks
  3 wyverns
  12 fire elementals
  4 naga simulacra
  8 wraiths
  4 dire elephant simulacra
  Eustachio (D:5)
  A golden eye (shapeshifter) (D:14)
  2 steam dragons
  15 vampire mosquitoes
  A sea snake simulacrum (Hell)
  6 basilisks
  An alligator snapping turtle simulacrum (Coc:2)
  23 harpy simulacra
  7 nagas
  A human zombie (Hell)
  11 wargs
  2 acid dragons (D:10)
  A naga (shapeshifter) (Vaults:5)
  3 hydra simulacra
  3 black bears
  2 demonspawn skeletons (Crypt:2)
  A cane toad zombie (Crypt:1)
  17 water moccasins
  2 floating eyes
  4 hell hounds (Hell)
  5 ettin simulacra
  A faun skeleton (Crypt:1)
  23 orc warriors
  An alligator simulacrum (Hell)
  A black bear (shapeshifter) (Elf:1)
  A fire dragon simulacrum (Coc:1)
  2 necrophages
  A black mamba simulacrum (Crypt:1)
  8 boggarts
  10 ogres
  20 wolves
  5 centaurs
  A rime drake zombie (Crypt:2)
  3 phantoms
  3 kobold brigands
  3 scorpions
  8 bullfrogs
  A wyvern zombie (D:7)
  3 earth elementals
  A queen bee zombie (Crypt:2)
  4 wyvern skeletons (Crypt:3)
  A water moccasin skeleton (D:6)
  3 troll zombies (D:11)
  3 killer bees (D:9)
  8 wights
  3 howler monkeys
  2 electric eels
  4 hounds
  7 centaur zombies
  33 orc priests
  A gnoll shaman (D:10)
  Jessica (D:3)
  7 centaur skeletons
  2 iguanas
  8 hell rats
  20 orc wizards
  Natasha (thrice) (D:3)
  2 killer bee zombies
  3 ogre zombies (D:11)
  3 mummies (Crypt:3)
  A howler monkey zombie (D:7)
  5 gnolls (D:10)
  9 river rats (Lair:5)
  9 adders
  3 shadow imps
  2 ufetubi
  A lava snake zombie (Crypt:2)
  A dart slug (D:1)
  A worm (D:4)
  95 orcs
  A bat (shapeshifter) (Depths:3)
  2 endoplasms
  9 giant cockroaches
  4 hobgoblins
  2 jackals (D:5)
  6 quokkas
  4 ball pythons
  A ball python zombie (Crypt:1)
  5 bats
  2 frilled lizards
  5 goblins
  A goblin skeleton (D:11)
  3 goblin zombies (D:11)
  A hobgoblin skeleton (D:11)
  2 hobgoblin zombies (D:11)
  27 kobolds
  4 orc skeletons
  9 orc zombies (D:11)
  6 rats
  4 bushes (Shoals:1)
  5 creeping infernos
  54 fire vortices
  A foxfire (Lair:6)
  A plant (Shoals:4)
  2 tentacles (Shoals:4)
2928 creatures vanquished.

Vanquished Creatures (collateral kills)
  A dread lich (Crypt:2)
  Frederick (Crypt:2)
  A titan (Coc:2)
  A vampire mage (Vaults:3)
  A hog skeleton (Crypt:2)
  A mummy (Crypt:3)
  10 foxfires
16 creatures vanquished.

Vanquished Creatures (others)
  A deep elf death mage (Elf:3)
  2 caustic shrike simulacra (Coc:4)
  A juggernaut simulacrum (Coc:4)
  2 quicksilver dragon simulacra (Coc:4)
  A black mamba (Snake:3)
  A golden dragon simulacrum (Coc:7)
  An iron giant simulacrum (Coc:4)
  An iron dragon simulacrum (Coc:5)
  A dire elephant simulacrum (Coc:4)
  3 spriggan simulacra
  A harpy simulacrum (Coc:4)
  A naga simulacrum (Coc:3)
  54 fire vortices
  1538 foxfires
  53 fungi
  206 plants
  2 tentacles (Shoals:4)
  24 withered plants
1893 creatures vanquished.

Grand Total: 4837 creatures vanquished

Notes
Turn   | Place    | Note
-------+----------+-------------------------------------------
     0 | D:1      | Essalna the Demonspawn Fire Elementalist began the quest
                  | for the Orb.
     0 | D:1      | Reached XP level 1. HP: 13/13 MP: 3/3
   511 | D:1      | Found a faded altar of an unknown god.
   733 | D:1      | Gained mutation: Your movements are slightly less
                  | encumbered by armour. (ER -2) [demonic ancestry]
   733 | D:1      | Reached XP level 2. HP: 19/19 MP: 3/5
  1607 | D:2      | Learned a level 2 spell: Scorch
  1634 | D:2      | Reached XP level 3. HP: 24/24 MP: 6/6
  2130 | D:3      | Noticed Jessica
  2134 | D:3      | Killed Jessica
  2208 | D:3      | Found a blossoming altar of Fedhas.
  2211 | D:3      | Noticed a black bear
  2225 | D:3      | Killed a black bear
  2226 | D:3      | Reached skill level 1 in Shields
  2226 | D:3      | Reached XP level 4. HP: 25/30 MP: 8/8
  2226 | D:3      | Gained mutation: You regenerate magic rapidly. [demonic
                  | ancestry]
  2226 | D:3      | Reached XP level 5. HP: 29/35 MP: 9/9
  2692 | D:3      | Noticed Natasha
  2702 | D:3      | Killed Natasha
  2864 | D:3      | Found a broken altar of Ashenzari.
  2883 | D:3      | Noticed Natasha
  3126 | D:3      | Killed Natasha
  3127 | D:3      | Gained mutation: Your movements are less encumbered by
                  | armour. (ER -4) [demonic ancestry]
  3127 | D:3      | Reached XP level 6. HP: 41/41 MP: 11/11
  3247 | D:4      | Found a staircase to the Ecumenical Temple.
  3258 | Temple   | Entered the Ecumenical Temple
  3269 | Temple   | Became a worshipper of Vehumet
  3434 | D:4      | Found a basalt altar of Yredelemnul.
  3603 | D:4      | Gained mutation: You are partially covered in sharp spines.
                  | [demonic ancestry]
  3603 | D:4      | Reached XP level 7. HP: 18/46 MP: 10/13
  3834 | D:4      | Found a shimmering blue altar of Sif Muna.
  4062 | D:3      | Noticed Natasha
  4064 | D:3      | Killed Natasha
  4095 | D:5      | Entered Level 5 of the Dungeon
  4119 | D:5      | Reached * piety under Vehumet
  4119 | D:5      | Offered knowledge of Sandblast by Vehumet.
  4201 | D:5      | Noticed Grinder
  4203 | D:5      | Paralysed by Grinder for 3 turns
  4212 | D:5      | Paralysed by Grinder for 5 turns
  4218 | D:5      | Killed Grinder
  4219 | D:5      | Reached skill level 1 in Fighting
  4325 | D:5      | Noticed Eustachio
  4330 | D:5      | Killed Eustachio
  4435 | D:5      | Reached skill level 5 in Fire Magic
  4435 | D:5      | Reached XP level 8. HP: 56/56 MP: 14/14
  4582 | D:5      | Found a snail-covered altar of Cheibriados.
  5194 | D:5      | Found a sparkling altar of Nemelex Xobeh.
  5194 | D:5      | Found an ornate altar of the Wu Jian Council.
  5196 | D:5      | Found an opulent altar of Gozag.
  5196 | D:5      | Found a shimmering altar of Xom.
  5410 | D:6      | Offered knowledge of Poisonous Vapours by Vehumet.
  5415 | D:6      | Reached skill level 5 in Conjurations
  5418 | D:6      | Reached ** piety under Vehumet
  5419 | D:6      | Reached skill level 5 in Spellcasting
  5986 | D:6      | Learned a level 4 spell: Flame Wave
  6099 | D:7      | Gained mutation: When hurt, damage is shared between your
                  | health and your magic reserves. [demonic ancestry]
  6099 | D:7      | Reached XP level 9. HP: 65/65 MP: 17/17
  6620 | D:7      | Learned a level 7 spell: Ozocubu's Refrigeration
  6817 | D:8      | Offered knowledge of Frozen Ramparts by Vehumet.
  6972 | D:8      | Reached skill level 1 in Ice Magic
  7016 | D:8      | Noticed Maurice
  7037 | D:8      | Identified 2 scrolls of acquirement
  7037 | D:8      | Acquired a staff of fire
  7124 | D:8      | Reached skill level 5 in Fighting
  7163 | D:8      | Killed Maurice
  7164 | D:8      | Reached skill level 1 in Armour
  7706 | D:9      | Found a staircase to the Lair.
  7724 | D:9      | Found a transporter.
  7736 | D:9      | Reached XP level 10. HP: 66/74 MP: 13/19
  7767 | D:9      | Reached *** piety under Vehumet
  8129 | D:9      | Noticed a cyclops
  8144 | D:9      | Killed a cyclops
  8175 | D:9      | Found a transporter.
  8490 | D:10     | Entered Level 10 of the Dungeon
  8500 | Lair:1   | Entered Level 1 of the Lair of Beasts
  8520 | Lair:1   | Noticed a cane toad
  8527 | Lair:1   | Killed a cane toad
  8761 | Lair:1   | Noticed an eight-headed hydra
  8770 | Lair:1   | Killed an eight-headed hydra
  8788 | Lair:1   | Offered knowledge of Ignite Poison by Vehumet.
  8789 | Lair:1   | Reached XP level 11. HP: 81/83 MP: 21/21
  8832 | Lair:1   | Found a runed translucent door.
  8832 | Lair:1   | You fall into a shaft and drop 1 floor!
  8962 | Lair:2   | Reached **** piety under Vehumet
  9016 | Lair:2   | You fall into a shaft and drop 1 floor!
  9016 | Lair:3   | Noticed a boulder beetle
  9071 | Lair:3   | Killed a boulder beetle
  9234 | Lair:3   | Noticed a five-headed hydra
  9237 | Lair:3   | Killed a five-headed hydra
  9239 | Lair:3   | Offered knowledge of Iskenderun's Mystic Blast by Vehumet.
  9285 | Lair:3   | Learned a level 2 spell: Sublimation of Blood
  9788 | Lair:1   | Noticed Zero's ghost (journeyman SpEn)
  9795 | Lair:1   | Killed Zero's ghost
  9796 | Lair:1   | Reached skill level 5 in Dodging
  9813 | Lair:1   | Acquired the +2 pair of gloves "Xoun Joa" {Drain rC+++
                  | Regen+ Int+4}
 10264 | Lair:2   | Reached skill level 5 in Ice Magic
 10405 | Lair:2   | You fall into a shaft and drop 2 floors!
 10405 | Lair:4   | Noticed a boulder beetle
 10436 | Lair:4   | Reached skill level 5 in Armour
 10436 | Lair:4   | Gained mutation: You have large cloven feet. [demonic
                  | ancestry]
 10436 | Lair:4   | Reached XP level 12. HP: 91/91 MP: 24/24
 10511 | Lair:4   | Killed a boulder beetle
 10657 | Lair:4   | Noticed a boulder beetle
 10726 | Lair:4   | Killed a boulder beetle
 10728 | Lair:4   | Noticed a catoblepas
 10893 | Lair:4   | Noticed a six-headed hydra
 10902 | Lair:4   | Killed a six-headed hydra
 10956 | Lair:4   | Killed a catoblepas
 11075 | Lair:3   | Got the Collected Works on Creation and Toxins
 11680 | Lair:2   | Found a staircase to the Snake Pit.
 11689 | Lair:2   | Found a staircase to the Shoals.
 12108 | Lair:4   | Reached ***** piety under Vehumet
 12110 | Lair:4   | Offered knowledge of Lee's Rapid Deconstruction by Vehumet.
 12171 | Lair:4   | Found a transporter.
 12359 | Lair:4   | Noticed Soborki's ghost (journeyman MiBe)
 12363 | Lair:4   | Noticed a death yak
 12366 | Lair:4   | Found a transporter.
 12386 | Lair:4   | Identified the +11 hand axe "Abbiad" {freeze, Int+3 Dex+4}
 12722 | Lair:5   | Noticed a death yak
 12724 | Lair:5   | Noticed a death yak
 12725 | Lair:5   | Noticed a death yak
 12730 | Lair:5   | Noticed a death yak
 12731 | Lair:5   | Noticed a death yak
 12732 | Lair:5   | Noticed a death yak
 12735 | Lair:5   | Killed a death yak
 12736 | Lair:5   | Killed a death yak
 12738 | Lair:5   | Killed a death yak
 12741 | Lair:5   | Killed a death yak
 12741 | Lair:5   | Killed a death yak
 12742 | Lair:5   | Gained mutation: You have hoof-like feet. [demonic
                  | ancestry]
 12742 | Lair:5   | Reached XP level 13. HP: 80/100 MP: 13/26
 12819 | Lair:5   | Acquired the ring of the Everdark {rPois Will+}
 12833 | Lair:5   | Found a dark tunnel.
 12845 | Volcano  | Entered a volcano
 13861 | Lair:5   | Reached skill level 10 in Spellcasting
 14417 | Lair:6   | Entered Level 6 of the Lair of Beasts
 14423 | Lair:6   | Noticed Snorg
 14432 | Lair:5   | Reached skill level 10 in Fighting
 14721 | Lair:6   | Killed Snorg
 14889 | Lair:6   | Offered knowledge of Conjure Ball Lightning by Vehumet.
 14890 | Lair:6   | Gained mutation: You have hooves in place of feet. [demonic
                  | ancestry]
 14890 | Lair:6   | Reached XP level 14. HP: 111/111 MP: 1/28
 15582 | Lair:6   | Found a viscous altar of Jiyva.
 15582 | Lair:6   | Found a staircase to the Slime Pits.
 16173 | Lair:4   | Reached skill level 10 in Ice Magic
 16184 | Lair:4   | Killed Soborki's ghost
 16706 | D:10     | Offered knowledge of Starburst by Vehumet.
 16714 | D:10     | Learned a level 6 spell: Starburst
 17330 | D:11     | Found a runed translucent door.
 17412 | D:11     | Found a runed translucent door.
 17452 | D:11     | Found a runed translucent door.
 17539 | D:11     | Found a runed translucent door.
 17746 | D:11     | Found Dota's Antique Weapon Boutique.
 18008 | D:11     | Found a staircase to the Orcish Mines.
 18405 | Orc:1    | Entered Level 1 of the Orcish Mines
 18747 | Orc:2    | Entered Level 2 of the Orcish Mines
 19330 | Orc:2    | Offered knowledge of Iskenderun's Battlesphere by Vehumet.
 19333 | Orc:2    | Reached skill level 1 in Necromancy
 19451 | Orc:2    | Found a staircase to the Elven Halls.
 19516 | Orc:2    | Noticed Jorgrun
 19536 | Orc:2    | Killed Jorgrun
 19537 | Orc:2    | Reached XP level 15. HP: 99/121 MP: 23/31
 19616 | Orc:2    | Reached skill level 10 in Conjurations
 19856 | Orc:2    | Found Jufugen's Magic Scroll Shop.
 19896 | Orc:2    | Found Xoess's Assorted Antiques.
 19935 | Orc:2    | Found Wapty's Jewellery Shop.
 19935 | Orc:2    | Found Oghuam's Antique Weapon Emporium.
 20152 | Orc:1    | Found Gehasol's Antique Weapon Shop.
 20314 | Orc:1    | Paralysed by an orc sorcerer for 2 turns
 20321 | Orc:1    | Reached ****** piety under Vehumet
 20455 | Orc:1    | Offered knowledge of Eringya's Noxious Bog by Vehumet.
 20714 | D:12     | Found Qott's Jewellery Shoppe.
 20722 | D:12     | Bought the ring "Vonet" {rElec rF++ Str+2 Int+6} for 1507
                  | gold pieces
 20739 | D:12     | Found a radiant altar of Vehumet.
 21763 | D:13     | You fall into a shaft and drop 2 floors!
 21763 | D:15     | Entered Level 15 of the Dungeon
 21826 | D:15     | Found Cepobaz's Distillery.
 21877 | D:14     | Found a basalt altar of Yredelemnul.
 22110 | D:14     | Found Yngunus's Assorted Antiques.
 22378 | D:14     | Reached skill level 10 in Fire Magic
 22456 | D:14     | Found a gate to the Vaults.
 23327 | D:15     | Found a staircase to the Depths.
 24135 | Snake:1  | Entered Level 1 of the Snake Pit
 24173 | Snake:1  | Offered knowledge of Fireball by Vehumet.
 24246 | Snake:1  | Learned a level 5 spell: Fireball
 24298 | Snake:1  | Reached skill level 5 in Necromancy
 24298 | Snake:1  | Reached XP level 16. HP: 130/130 MP: 24/32
 24475 | Snake:1  | Learned a level 6 spell: Iron Shot
 25168 | Snake:2  | Reached skill level 1 in Earth Magic
 25191 | Snake:2  | Noticed Saint Roka
 25356 | Snake:2  | Killed Saint Roka
 25956 | Snake:2  | Noticed Vashnia
 26017 | Snake:3  | Noticed Azrael
 26020 | Snake:3  | Killed Azrael
 26163 | Snake:3  | Found Jielotuo's Antique Armour Emporium.
 26487 | Elf:1    | Entered Level 1 of the Elven Halls
 27132 | Elf:1    | Offered knowledge of Lehudib's Crystal Spear by Vehumet.
 27384 | Elf:1    | Gained mutation: Your movements are significantly less
                  | encumbered by armour. (ER -6) [demonic ancestry]
 27384 | Elf:1    | Reached XP level 17. HP: 138/138 MP: 34/34
 27432 | Elf:1    | Got the Compendium of Arcane Weapons
 27634 | Elf:1    | Learned a level 2 spell: Passwall
 28007 | Elf:2    | Paralysed by an air elemental for 1 turns
 28024 | Elf:2    | Found the ring of Shadows {Umbra +Inv Stlth+}
 28032 | Elf:2    | Identified the +1 ring mail of Existentialism {Will+}
 28048 | Elf:2    | Paralysed by an air elemental for 1 turns
 28402 | Elf:2    | Found a runed translucent gate.
 28402 | Elf:2    | Found a runed translucent gate.
 28402 | Elf:2    | Found a runed translucent gate.
 28513 | Elf:2    | Paralysed by an air elemental for 1 turns
 28529 | Elf:1    | Found an ancient bone altar of Kikubaaqudgha.
 28753 | Elf:3    | Entered Level 3 of the Elven Halls
 29010 | Elf:3    | Reached skill level 10 in Dodging
 29086 | Elf:3    | Found Xetampo's General Store.
 29090 | Elf:3    | Found Moicob's General Store.
 29091 | Elf:3    | Found Hutuapt's Antique Weapon Shop.
 29102 | Elf:3    | Bought a scroll of acquirement for 936 gold pieces
 29108 | Elf:3    | Acquired 913 gold pieces
 29367 | Elf:3    | Noticed Asterion
 29372 | Elf:3    | Killed Asterion
 29558 | Elf:3    | Offered knowledge of Fire Storm by Vehumet.
 29558 | Elf:3    | Offered knowledge of Polar Vortex by Vehumet.
 29558 | Elf:3    | Offered knowledge of Ignition by Vehumet.
 29635 | Elf:3    | Noticed a deep elf master archer
 29639 | Elf:3    | Killed a deep elf master archer
 29655 | Elf:3    | Noticed a deep elf blademaster
 29662 | Elf:3    | HP: 3/140 [deep elf blademaster (14)]
 29662 | Elf:3    | Noticed a deep elf blademaster
 29810 | Elf:3    | Noticed a deep elf blademaster
 29812 | Elf:3    | Identified the ring of Maji {rPois rC++ Dex+6 Stlth-}
 29812 | Elf:3    | Noticed a deep elf blademaster
 29814 | Elf:3    | Killed a deep elf blademaster
 29823 | Elf:3    | Noticed a Hell Sentinel
 29823 | Elf:3    | Identified the ring "Jifreydd" {AC+4 Str+4 Int+8 Dex-4}
 29823 | Elf:3    | Noticed a deep elf master archer
 30126 | Elf:3    | Killed a deep elf blademaster
 30441 | Elf:3    | Gained mutation: You are mostly covered in sharp spines.
                  | [demonic ancestry]
 30441 | Elf:3    | Reached XP level 18. HP: 148/148 MP: 36/36
 30609 | Elf:3    | Identified the ring "Zeastefe" {rPois Int+6 Dex+2}
 30869 | Elf:3    | Identified the +2 helmet of Insecurity {Contam rPois rC+}
 30876 | Elf:3    | Identified the amulet of Starshine {Fly Regen+ Str+2}
 30881 | Elf:3    | Identified the +1 scimitar "Bingo" {venom, rPois SInv}
 30882 | Elf:3    | Identified the ring of Compulsion {Fire Int+2 Dex+4 Slay-3
                  | Stlth+}
 31145 | Elf:2    | Reached skill level 15 in Fighting
 32159 | Shoals:1 | Entered Level 1 of the Shoals
 32166 | Shoals:1 | Found Lahoq's Book Shop.
 32684 | Shoals:1 | Acquired 886 gold pieces
 32865 | Shoals:1 | Reached skill level 15 in Spellcasting
 32998 | Shoals:1 | Identified the +2 animal skin of Rotation {rPois Int+2
                  | Slay+3}
 33417 | Shoals:2 | Noticed Ilsuiw
 33698 | Shoals:2 | Identified the +3 scale mail of the Crushed Prophets {Str+4
                  | Dex+2}
 33960 | Shoals:2 | Killed Ilsuiw
 34130 | Shoals:3 | Noticed Bai Suzhen
 34144 | Shoals:3 | Killed Bai Suzhen
 34159 | Shoals:3 | Noticed Louise
 34327 | Shoals:3 | Killed Louise
 35409 | Shoals:4 | Entered Level 4 of the Shoals
 35482 | Shoals:4 | Gained mutation: You are robust. (+10% HP) [demonic
                  | ancestry]
 35482 | Shoals:4 | Reached XP level 19. HP: 151/172 MP: 23/38
 35990 | Shoals:4 | Got a barnacled rune of Zot
 36182 | Shoals:4 | Identified the +8 falchion of Xalimm {vorpal, Str+2}
 37219 | Vaults:1 | Entered Level 1 of the Vaults
 39101 | Vaults:2 | Identified the +9 hand axe "Zosack" {drain, rCorr MP+9
                  | Dex+3}
 39103 | Vaults:2 | Gained mutation: You are very robust. (+20% HP) [demonic
                  | ancestry]
 39103 | Vaults:2 | Reached XP level 20. HP: 167/199 MP: 18/41
 39171 | Vaults:2 | Identified the +1 plate armour "Ryneetsu" {rCorr}
 39400 | Vaults:2 | Reached skill level 15 in Ice Magic
 39852 | Vaults:2 | Learned a level 8 spell: Ignition
 40422 | Vaults:3 | Found a crumbling gateway.
 40426 | Desolati | Entered the Desolation of Salt
 40523 | Desolati | Identified the +6 demon blade of the Establishment {vamp,
                  | rN++ Str+3}
 40543 | Desolati | Identified the ring of Vealaonget {rN+ rCorr Int-2 SInv}
 40544 | Desolati | Identified the ring of Meyx {Will+ Str+2}
 40550 | Desolati | Got the Volume of Conjuration and Lightness
 40718 | Desolati | Identified the +5 scimitar "Qelyom" {freeze, Str+2 Int+2}
 40725 | Desolati | Identified the +1 shortbow of Eternal Harmony {flame,
                  | rPois}
 40727 | Desolati | Identified the amulet "Quream" {Reflect Str-2 Int+4 Slay+2
                  | SH+5}
 41073 | Desolati | Found the +8 demon trident "Rift" {distort, reach+}
 41144 | Desolati | Identified the ring "Rewnamud" {rCorr Str+4 SInv}
 41161 | Desolati | Identified the ring of Sapeob {Fly rElec rF- Will+ Dex+4}
 42186 | Vaults:3 | Reached XP level 21. HP: 106/210 MP: 15/43
 42449 | Vaults:3 | Found a staircase to the Crypt.
 42569 | Vaults:3 | Reached skill level 15 in Fire Magic
 42988 | Vaults:4 | Learned a level 9 spell: Polar Vortex
 43749 | Vaults:4 | Found a huge runed gate.
 43749 | Vaults:4 | Found a huge runed gate.
 43749 | Vaults:4 | Found a huge runed gate.
 43749 | Vaults:4 | Found a huge runed gate.
 43749 | Vaults:4 | Found a huge runed gate.
 43750 | Vaults:4 | Found a huge runed gate.
 43750 | Vaults:4 | Found a huge runed gate.
 43750 | Vaults:4 | Found a huge runed gate.
 43750 | Vaults:4 | Found a huge runed gate.
 43753 | Vaults:4 | Found a huge runed gate.
 43753 | Vaults:4 | Found a huge runed gate.
 43753 | Vaults:4 | Found a huge runed gate.
 43753 | Vaults:4 | Found a huge runed gate.
 43753 | Vaults:4 | Found a huge runed gate.
 43753 | Vaults:4 | Found a huge runed gate.
 43754 | Vaults:4 | Found a huge runed gate.
 43755 | Vaults:4 | Found a huge runed gate.
 43756 | Vaults:4 | Found a huge runed gate.
 43798 | Vaults:4 | Noticed a dread lich
 43808 | Vaults:4 | Killed a dread lich
 43963 | Vaults:4 | Noticed an ancient lich
 43971 | Vaults:4 | Killed an ancient lich
 44029 | Vaults:4 | Found a runed translucent gate.
 44029 | Vaults:4 | Found a runed translucent gate.
 44029 | Vaults:4 | Found a runed translucent gate.
 44029 | Vaults:4 | Found an ancient bone altar of Kikubaaqudgha.
 44029 | Vaults:4 | Noticed Mafumol's ghost (adept GrEE)
 44029 | Vaults:4 | Noticed Tetudagra's ghost (adept DgGl)
 44553 | Vaults:5 | Entered Level 5 of the Vaults
 44556 | Vaults:5 | Gained mutation: When low on magic, you restore magic in
                  | place of health. [demonic ancestry]
 44556 | Vaults:5 | Reached XP level 22. HP: 185/220 MP: 45/45
 44954 | Vaults:5 | Got a silver rune of Zot
 45132 | Vaults:5 | Identified the +8 dagger of Compassion {venom, rElec rF+
                  | Str+5 Stlth-}
 45262 | Vaults:5 | Identified the ring "Buxtum" {*Corrode rElec rPois Will+}
 45431 | Vaults:5 | Identified the +6 whip of Nier {antimagic, rCorr}
 45492 | Vaults:5 | Noticed a dread lich
 45497 | Vaults:5 | Killed a dread lich
 45677 | Vaults:5 | Noticed a dread lich
 45693 | Vaults:5 | Killed a dread lich
 45695 | Vaults:5 | Noticed a golden dragon
 45706 | Vaults:5 | Killed a golden dragon
 45775 | Vaults:5 | Identified the +8 scimitar "Meiz" {vorpal, MP+9 Str+4 SInv}
 45782 | Vaults:5 | Got Acsaat's Tome of Scorching Flight
 46148 | Vaults:5 | Identified the +1 robe of the Planets {Dex+2}
 46538 | Depths:1 | Entered Level 1 of the Depths
 46575 | Depths:1 | Reached skill level 5 in Shields
 46652 | Depths:1 | Found a gateway to Hell.
 46769 | Depths:1 | Found a portal to a secret trove of treasure.
 46808 | Depths:1 | Found a one-way gate to the infinite horrors of the Abyss.
 46924 | Depths:1 | Gained mutation: You are completely covered in sharp
                  | spines. [demonic ancestry]
 46924 | Depths:1 | Reached XP level 23. HP: 232/232 MP: 33/46
 47467 | Slime:1  | Entered Level 1 of the Pits of Slime
 49397 | Slime:5  | Entered Level 5 of the Pits of Slime
 49403 | Slime:5  | Gained mutation: Potions are less effective at restoring
                  | your health. [a shining eye]
 49534 | Slime:5  | Gained mutation: You are dopey. (Int -2) [a shining eye]
 49701 | Slime:5  | Noticed the Royal Jelly
 49705 | Slime:5  | Killed the Royal Jelly
 49881 | Slime:5  | Identified the +4 battleaxe "Newtbane" {vorpal, rN+ Str+3
                  | SInv}
 49903 | Slime:5  | Got a slimy rune of Zot
 49931 | Slime:5  | Identified the +9 mace of Purpose {drain, rElec}
 49932 | Slime:5  | Upgraded the game from 0.28-a0-834-g1a73be5ee4 to
                  | 0.28-a0-843-gb979743d38
 50376 | Crypt:1  | Entered Level 1 of the Crypt
 50439 | Crypt:1  | Reached skill level 15 in Conjurations
 50590 | Crypt:1  | Identified the +0 pair of boots of Vehiotio {rElec rF+
                  | Dex-5}
 51279 | Crypt:2  | Learned a level 9 spell: Fire Storm
 51414 | Crypt:2  | Noticed Frederick
 51418 | Crypt:2  | Killed Frederick
 51429 | Crypt:2  | Noticed a dread lich
 51432 | Crypt:2  | Killed a dread lich
 51433 | Crypt:2  | Reached XP level 24. HP: 144/243 MP: 30/47
 51726 | Crypt:2  | Noticed Xoga's ghost (adept DDNe)
 51730 | Crypt:2  | Found a runed translucent door.
 51808 | Crypt:2  | Killed Xoga's ghost
 52125 | Crypt:3  | Entered Level 3 of the Crypt
 52236 | Crypt:3  | Noticed Khufu
 52251 | Crypt:3  | Killed Khufu
 52252 | Crypt:3  | Reached skill level 10 in Shields
 52499 | Crypt:3  | Noticed Margery
 52507 | Crypt:3  | Killed Margery
 52841 | Crypt:3  | Found an ancient bone altar of Kikubaaqudgha.
 53026 | Crypt:3  | Noticed a dread lich
 53030 | Crypt:3  | Paralysed by a dread lich for 7 turns
 53039 | Crypt:3  | Killed a dread lich
 53210 | Crypt:3  | Identified the +7 dagger "Dutostryi" {antimagic, rPois
                  | rCorr SInv}
 53253 | Crypt:3  | Identified the amulet of Darkness {Fragile rElec Regen+
                  | rCorr Str-4}
 53253 | Crypt:3  | Identified the ring "Ozxetalu" {rN+ Int+6 Dex+2 Slay-3}
 53481 | Crypt:3  | Identified the +0 mace of Equilibrium {venom, rElec rPois
                  | Will+ SInv}
 53502 | Crypt:3  | Found a staircase to the Tomb.
 54319 | Depths:2 | Found a one-way gate leading to the halls of Pandemonium.
 54347 | Depths:2 | Found a snail-covered altar of Cheibriados.
 54347 | Depths:2 | Found an iron altar of Okawaru.
 54348 | Depths:2 | Found an ancient bone altar of Kikubaaqudgha.
 54607 | Depths:2 | Noticed a shard shrike
 54610 | Depths:2 | a shard shrike changed into a titan
 54703 | Depths:2 | Gained mutation: You are extremely robust. (+30% HP)
                  | [demonic ancestry]
 54703 | Depths:2 | Reached XP level 25. HP: 246/275 MP: 34/48
 54816 | Depths:2 | Noticed a juggernaut
 54827 | Depths:2 | Killed a juggernaut
 54871 | Depths:2 | Identified the +5 ring mail of the Ancient Priests {rC-
                  | Str+5 Slay+5 Stlth-}
 54878 | Depths:2 | Found the +6 Majin-Bo {vamp, MP+6 Int+6}
 54888 | Depths:2 | Identified the +5 scale mail "Hamodgh" {Dex+3}
 54929 | Depths:2 | Noticed a juggernaut
 54934 | Depths:2 | Killed a juggernaut
 55067 | Depths:2 | Noticed a juggernaut
 55078 | Depths:2 | Killed a juggernaut
 56389 | Depths:3 | Found the +5 scythe "Finisher" {speed, eviscerate}
 56813 | Depths:4 | Entered Level 4 of the Depths
 57287 | Depths:4 | Found a gateway to a ziggurat.
 57705 | Depths:4 | Found a gate to the Realm of Zot.
 57824 | Hell     | Entered the Vestibule of Hell
 57824 | Hell     | Noticed Geryon
 57830 | Hell     | Killed Geryon
 57846 | Hell     | Noticed Murray
 57851 | Hell     | Reached XP level 26. HP: 238/288 MP: 33/48
 57860 | Hell     | Killed Murray
 58222 | Hell     | Found a gateway to the decaying netherworld of Tartarus.
 58389 | Hell     | Found a gateway to the Iron City of Dis.
 58468 | Hell     | Found a gateway to the ashen valley of Gehenna.
 58524 | Hell     | Found a gateway to the freezing wastes of Cocytus.
 58660 | Geh:1    | Entered Level 1 of Gehenna
 58799 | Hell     | Learned a level 8 spell: Necromutation
 59184 | Geh:2    | Reached skill level 1 in Transmutations
 60113 | Geh:7    | Entered Level 7 of Gehenna
 60609 | Geh:7    | Found the +7 sceptre of Asmodeus
 60609 | Geh:7    | Noticed Asmodeus
 60624 | Geh:7    | Killed Asmodeus
 60741 | Coc:1    | Entered Level 1 of Cocytus
 60943 | Coc:3    | Reached XP level 27. HP: 296/299 MP: 40/49
 60963 | Coc:3    | Paralysed by a wendigo for 1 turns
 60992 | Coc:3    | Paralysed by a wendigo for 1 turns
 61022 | Coc:4    | Paralysed by a wendigo for 1 turns
 61116 | Coc:5    | Reached skill level 5 in Transmutations
 61177 | Coc:6    | HP: 10/300 [shard shrike/shard of ice (21)]
 61177 | Coc:6    | HP: 3/300 [shard shrike (5)]
 61428 | Coc:7    | Entered Level 7 of Cocytus
 61490 | Coc:7    | Reached skill level 15 in Shields
 61634 | Coc:7    | Reached skill level 10 in Necromancy
 62071 | Coc:7    | Noticed Antaeus
 62159 | Coc:7    | Killed Antaeus
 62180 | Coc:7    | Got an icy rune of Zot
 62183 | Coc:7    | Identified the +2 trident of Peetang {vamp, rC+}
 62286 | Dis:1    | Entered Level 1 of the Iron City of Dis
 62489 | Tar:1    | Entered Level 1 of Tartarus
 62958 | Tar:4    | Learned a level 8 spell: Lehudib's Crystal Spear
 63137 | Tar:5    | Found a huge runed gate.
 63137 | Tar:5    | Found a huge runed gate.
 63137 | Tar:5    | Found a huge runed gate.
 63137 | Tar:5    | Found a huge runed gate.
 63137 | Tar:5    | Found a huge runed gate.
 63138 | Tar:5    | Found a huge runed gate.
 63138 | Tar:5    | Found a huge runed gate.
 63338 | Tar:7    | Entered Level 7 of Tartarus
 63436 | Tar:7    | Noticed an ancient lich
 63438 | Tar:7    | Reached skill level 10 in Transmutations
 63447 | Tar:7    | Killed an ancient lich
 63449 | Tar:7    | HP: 2/263 [Tzitzimitl/bolt of negative energy (16)]
 63449 | Tar:7    | Mangled by a Tzitzimitl

Illustrated notes

Levels and vault maps discovered:
D:1:      eino_arrival_cavern_d, layout_basic,
          shapermc_ecumenical_altar_notcrosses, amcnicky_mini_pool_small
D:2:      layout_rooms, grunt_decor_clamped, chequers_serial_rivers_large_b
D:3:      layout_loops_ring, fedhas_altar_3, ashenzari_conservatory_becter,
          uniq_natasha, uniq_jessica
D:4:      layout_rooms, mainiacjoe_overflow_alcove_2,
          nicolae_overflow_hidden_temple, minmay_temple_entry_drinking_statues,
          minmay_distorted
D:5:      layout_basic, lemuel_coloured_pillars_altar,
          mainiacjoe_overflow_alcove_3, uniq_eustachio, uniq_grinder
D:6:      layout_cave_pools, nicolae_underground_beach
D:7:      layout_cave_pools
D:8:      layout_basic, chequers_serial_rivers_small_a, uniq_maurice
D:9:      gammafunk_steamed_eel, layout_basic, lair_entry_dummy
D:10:     layout_stronghold, st_stairs_6
D:11:     layout_basic, zombieorc1_lemuel, serial_curves, eino_curves_02,
          eino_curves_01, serial_shops, nicolae_shop_waterfront,
          minmay_statue_crystal_thing
D:12:     layout_loops_ring, serial_shops, shop, nicolae_vehumet_radiance
D:13:     layout_rooms, einodemon_crawler_minivault
D:14:     layout_loops_ring, david_vaults_5, serial_shops, shop,
          yredelemnul_altar_generic
D:15:     hangedman_depths_entry_try_elsewhere_first, layout_cave_pools,
          serial_shops, shop, kennysheep_doodads, minmay_misc_feat_alley,
          st_stairs_13
Temple:   cyrus_circular_temple
Lair:1:   layout_loops_ring, ebering_ghost_reflecting_pool
Lair:2:   layout_cave_pods, elwin_shoals_entry_stream, dummy_snake_entry,
          nicolae_quartered_pool_little, nicolae_lair_grove_arrangements,
          minivault_25, grunt_megastairs_5
Lair:3:   layout_roguey
Lair:4:   layout_regular_city, serial_rivers, chequers_serial_rivers_micro_b,
          chequers_serial_rivers_micro_c, chequers_serial_rivers_marsh,
          chequers_serial_rivers_small_b, chequers_serial_rivers_marsh,
          chequers_serial_rivers_micro_e, nzn_ghost_randoct, lemuel_fruit_tree,
          infiniplex_staircase_pool
Lair:5:   layout_cave_pods, nicolae_volcano_entry_lava_flow, kennysheep_rathole
Lair:6:   gammafunk_lair_ancient_temple, layout_misc_corridors, slime_altar_1,
          grunt_megastairs_3, uniq_snorg
Shoals:1: argonaut_golden_fleece, layout_shoals, serial_shops,
          nicolae_shop_crystal
Shoals:2: layout_shoals, uniq_ilsuiw
Shoals:3: cheibrodos_shoals_gigantism, layout_shoals, uniq_louise,
          uniq_bai_suzhen
Shoals:4: shoals_end_hangedman, layout_shoals, shoals_ilsuiw_alternative
Snake:1:  layout_onion_interference, st_stairs_8, nicolae_snake_gridmaze_swirls,
          nicolae_snake_coiling_death
Snake:2:  layout_misc_corridors, st_stairs_5, uniq_saint_roka, uniq_vashnia
Snake:3:  layout_cave_town, serial_shops, nicolae_shop_crystal, uniq_azrael
Slime:1:  layout_caves
Slime:2:  layout_caves
Slime:3:  layout_caves
Slime:4:  layout_caves
Slime:5
Orc:1:    layout_caves, serial_shops, shop
Orc:2:    st_orc_town, layout_caves, mines1_david, uniq_jorgrun
Elf:1:    layout_loops_ring, minmay_elf_annihilation, glass_columns_a,
          lemuel_upstairs_altar
Elf:2:    elven_hall_of_blades_hangedman_original
          [nicolae_blade_entry_antechamber], layout_geoelf_octagon
Elf:3:    minmay_elf_hall_statues, layout_onion_city, lemuel_flame_loot_1,
          minmay_shop_star, uniq_asterion
Vaults:1: ontoclasm_vaults_spin, nicolae_vaults_holding_cells, v_misc_17,
          ontoclasm_vaults_pinch, vaults_mumra_minichess, vaults_room_pools,
          nicolae_vaults_little_squares_5, nicolae_vaults_mini_display_case,
          v_misc_27, vaults_room_stairs_pillars, vaults_mumra_hexcomb, v_misc_2,
          layout_vaults_quadrants
Vaults:2: ontoclasm_vaults_eye, nicolae_vaults_network_periphery,
          grunt_vaults_trifunnel, v_misc_23, v_misc_24, vaults_dpeg_diagonal,
          ontoclasm_vaults_loading_screen, v_pattern_5, dpeg_vaults_waves,
          v_misc_26, ontoclasm_vaults_ring_small, layout_vaults_maze_snakey
Vaults:3: portal_desolation_entry_nicolae_nacl, st_smaller_cells,
          grunt_vaults_diagonal, v_misc_30, minmay_crypt_entry_simple_box,
          vaults_room_pools, vaults_dpeg_hooks, layout_vaults_big_room
Vaults:4: gammafunk_ghost_crypt, ontoclasm_vaults_shuriken, door_vault,
          hangedman_vaults_capsules, v_alt_pattern_6,
          nicolae_vaults_inception_corners, vaults_room_fours,
          ontoclasm_vaults_ligature, hangedman_vaults_river_flow, v_misc_1,
          vaults_dpeg_cross, v_misc_8, nicolae_vaults_rhombus_6,
          nicolae_vaults_specimen_jars, layout_vaults_omnibox
Vaults:5: serial_shops
Crypt:1:  layout_misc_corridors, grunt_crypt_arrival_split,
          roderic_lattice_octagonal_star
Crypt:2:  layout_gridlike, hellmonk_ghost_happy_afterlife, uniq_frederick
Crypt:3:  evilmike_haunted_forest, uniq_margery, uniq_khufu
Depths:1: layout_cave_pools, hell_entry, nicolae_trove_entry_isolated,
          hangedman_abyss_entry_splay, hangedman_decor_lopped, zin_scriptorium
Depths:2: hangedman_slaughterboxes, pan_entry, hell_entry
Depths:3: dpeg_oklob_gauntlet, layout_basic, minivault_14, pan_entry,
          abyss_entry, grunt_hell_horde, infiniplex_staircase_zigzag_5
Depths:4: grunt_zot_entry_hairpin, layout_cave_pools, enter_ziggurat_c,
          pf_coc_iceberg, serial_bayou_ford_a, pan_entry
Hell
Dis:1:    layout_subdivisions, nicolae_dis_grated_feature
Geh:1:    layout_gehenna_lava_caves, nicolae_geh_fourpack
Geh:2:    layout_gehenna_lava_caves
Geh:3:    layout_gehenna_pools_basic
Geh:4:    layout_gehenna_lava_caves
Geh:5:    layout_gehenna_lava_caves
Geh:6:    layout_gehenna_pools_basic
Geh:7:    geh_grunt_pentagon
Coc:1:    nicolae_coc_through_the_icewall, layout_cocytus_water_paths
Coc:2:    nicolae_coc_city_of_iceburg
Coc:3:    layout_cocytus_delve
Coc:4:    layout_cocytus_water_paths
Coc:5:    layout_ice_bergs
Coc:6:    layout_cocytus_water_paths
Coc:7:    coc_hangedman
Tar:1:    layout_grid_maze
Tar:2:    layout_cathedral_of_symmetry
Tar:3:    layout_grid_maze, nicolae_tar_cuneiform_heaven
Tar:4:    layout_grid_maze, nicolae_tar_cuneiform_bread,
          nicolae_tar_four_comb_rooms
Tar:5:    layout_grid_maze, door_vault
Tar:6:    layout_grid_maze
Tar:7:    tar_grunt_cathedral

Skill      XL: |  1  2  3  4  5  6  7  8  9 10 11 12 13 14 15 16 17 18 19 20 21 22 23 24 25 26 27 |
---------------+----------------------------------------------------------------------------------+-----
Fire Magic     | 3 4 5 6 7 8 9 10 11 12 13 14 15 16 17 18 19 21 | 21.0
Conjurations   | 2 3 4 5 6 7 8 9 10 11 13 14 15 16 17 18 | 18.5
Shields        | 1 2 3 4 5 9 12 13 14 15 | 15.0
Spellcasting   | 3 4 5 6 7 8 9 10 12 13 14 15 17 18 19 20 21 22 23 | 23.5
Fighting       | 2 3 5 6 7 8 10 12 13 14 15 16 17 18 19 20 21 23 | 23.5
Ice Magic      | 2 3 5 6 9 10 11 12 13 14 15 16 17 18 19 20 | 20.2
Armour         | 1 3 5 |  5.3
Dodging        | 2 4 5 6 7 8 9 10 11 12 13 14 | 14.0
Necromancy     | 1 5 7 13 | 13.1
Earth Magic    | 4 |  4.0
Transmutations | 4 10 | 10.2
Stealth        | |  1.7

Action                   |  1- 3 |  4- 6 |  7- 9 | 10-12 | 13-15 | 16-18 | 19-21 | 22-24 | 25-27 || total
-------------------------+-------+-------+-------+-------+-------+-------+-------+-------+-------++-------
Melee: Whip              |    10 |       |       |       |    12 |       |       |       |       ||    22
       Dagger            |    31 |    16 |     3 |       |       |       |       |       |       ||    50
       Unarmed           |       |       |     1 |       |       |       |       |       |       ||     1
       Staff             |       |       |       |     8 |    42 |     8 |     5 |     2 |    13 ||    78
       Kick              |       |       |       |       |    18 |     5 |     2 |     1 |     6 ||    32
 Cast: Foxfire           |    49 |    98 |   232 |   266 |   224 |     3 |       |       |       ||   872
       Scorch            |     3 |     7 |    52 |    69 |   147 |     7 |    11 |    12 |    50 ||   358
       Flame Wave        |       |       |     5 |    44 |    76 |    12 |    18 |    63 |    96 ||   314
       Ozocubu's Refrige |       |       |       |       |   191 |   193 |   445 |   512 |   435 ||  1776
       Sublimation of Bl |       |       |       |       |    16 |     9 |    40 |     3 |    39 ||   107
       Fireball          |       |       |       |       |     6 |   329 |    52 |   267 |   354 ||  1008
       Starburst         |       |       |       |       |     4 |     3 |       |    13 |     3 ||    23
       Iron Shot         |       |       |       |       |       |    51 |    28 |    26 |   101 ||   206
       Ignition          |       |       |       |       |       |       |     7 |     8 |    26 ||    41
       Polar Vortex      |       |       |       |       |       |       |     1 |       |    39 ||    40
       Fire Storm        |       |       |       |       |       |       |       |     6 |    39 ||    45
       Passwall          |       |       |       |       |       |       |       |       |     1 ||     1
Evoke: Wand              |       |       |       |     5 |     2 |       |       |       |       ||     7
  Use: Potion            |       |       |     2 |     1 |     4 |     2 |       |       |     1 ||    10
       Scroll            |       |       |    11 |     1 |    17 |    11 |     4 |     2 |     7 ||    53
 Stab: Sleeping          |     2 |       |       |       |       |       |       |       |       ||     2
Armor: Robe              |    10 |     7 |     6 |       |    82 |    21 |       |       |       ||   126
       Steam dragon scal |       |       |     2 |    54 |     3 |       |       |       |       ||    59
       Skin              |       |       |     1 |       |       |       |       |       |       ||     1
       Troll leather arm |       |       |       |       |       |    20 |    46 |    48 |    80 ||   194
Dodge: Dodged            |    32 |    24 |    30 |    82 |   196 |   117 |   121 |   125 |   144 ||   871
Block: Buckler           |       |     6 |     9 |    29 |    73 |    36 |    21 |    54 |       ||   228
       Kite shield       |       |       |       |       |       |       |       |    26 |   714 ||   740

Table legend: (Time is in decaauts)
 A = Elapsed time spent in this place.
 B = Non-inter-level travel time spent in this place.
 C = Inter-level travel time spent in this place.
 D = Time resting spent in this place.
 E = Time spent auto-exploring this place.
 F = Levels seen in this place.
 G = Mean time per level.
                   A        B        C        D        E       F      G
               +--------+--------+--------+--------+--------+-----+--------+
         Total |  63759 |  57437 |   6322 |   1447 |  43802 |  76 |  838.9 |
       Dungeon |  14961 |  13539 |   1422 |      0 |  11601 |  15 |  997.4 |
        Temple |     19 |      5 |     14 |      0 |      0 |   1 |   19.0 |
          Lair |   7857 |   6550 |   1307 |    232 |   4969 |   6 | 1309.5 |
        Shoals |   4724 |   4499 |    225 |     45 |   3846 |   4 | 1181.0 |
     Snake Pit |   2180 |   2076 |    104 |    281 |   1468 |   3 |  726.7 |
    Slime Pits |   2534 |   2297 |    237 |     12 |   1817 |   5 |  506.8 |
  Orcish Mines |   2595 |   2387 |    208 |    498 |   1433 |   2 | 1297.5 |
   Elven Halls |   5146 |   4825 |    321 |     62 |   3707 |   3 | 1715.3 |
        Vaults |   8191 |   7676 |    515 |     67 |   6212 |   5 | 1638.2 |
         Crypt |   3501 |   3348 |    153 |      0 |   2502 |   3 | 1167.0 |
        Depths |   4645 |   4520 |    125 |    186 |   3407 |   4 | 1161.2 |
          Hell |    805 |    622 |    183 |     64 |    374 |   1 |  805.0 |
           Dis |     71 |     66 |      5 |      0 |      0 |   1 |   71.0 |
       Gehenna |   2030 |   1551 |    479 |      0 |   1109 |   7 |  290.0 |
       Cocytus |   1521 |    817 |    704 |      0 |     90 |   7 |  217.3 |
      Tartarus |    996 |    681 |    315 |      0 |      0 |   7 |  142.3 |
       Volcano |    680 |    680 |      0 |      0 |    387 |   1 |  680.0 |
    Desolation |   1294 |   1294 |      0 |      0 |    879 |   1 | 1294.0 |
               +--------+--------+--------+--------+--------+-----+--------+

Top non-repeatable levels by time:
   Elf:3: 2198 daAuts
Vaults:1: 1782 daAuts
Vaults:4: 1767 daAuts
 Crypt:3: 1721 daAuts
   Elf:2: 1717 daAuts
Vaults:5: 1687 daAuts
   Orc:2: 1659 daAuts
Shoals:4: 1567 daAuts
  Lair:5: 1532 daAuts
Vaults:3: 1529 daAuts
  Lair:4: 1509 daAuts
Depths:2: 1499 daAuts
     D:1: 1439 daAuts
Vaults:2: 1424 daAuts
 Snake:1: 1328 daAuts
